Map: [ESL] Ghost River

Players

LiquidClem (Clem)

  • Race: Terran Terran
  • League: Grandmaster
  • Spawn Location: 11:00

gumiho - Winner!

  • Race: Terran Terran
  • Spawn Location: 1:00

Event: HomeStory Cup XXV

VOD

Have the link to the VOD?

Description

Time

  • Played on: June 23, 2024, 2:20 p.m.
  • Length: 8:38

All games in this series

Show
View Real Time Build Order
Export as new Build Order

LiquidClem Terran 

Build Orders: Cyclone Opening 

Get SALT Encoding   

  12  0:00  SCV  
  13  0:12  SCV  
  14  0:16  Supply Depot  
  14  0:24  SCV  
  15  0:38  SCV  
  15  0:39  Barracks  
  16  0:42  Refinery  
  16  0:50  SCV  
  17  0:57  Refinery  
  17  1:02  SCV  
  18  1:14  SCV  
  19  1:27  Orbital Command, Reaper  
  19  1:30  Supply Depot  
  20  1:42  Factory  
  20  1:52  SCV  
  21  1:59  Barracks Reactor  
  21  2:04  SCV  
  22  2:15  Command Center  
  22  2:19  SCV  
  23  2:31  SCV  
  24  2:38  Cyclone x2  
  24  2:41  Supply Depot  
  24  2:44  SCV  
  29  2:51  Starport  
  29  2:56  SCV  
  30  3:08  SCV  
  30  3:10  Cyclone  
  30  3:12  Cyclone  
  35  3:17  Refinery  
  35  3:20  SCV  
  36  3:27  Medivac  
  36  3:30  Orbital Command  
  36  3:33  Barracks Tech Lab  
  38  3:36  SCV  
  39  3:48  SCV  
  39  3:55  Siege Tank  
  43  3:57  SCV  
  43  3:59  Marine x2  
  43  4:01  Starport Tech Lab  
  46  4:03  Supply Depot, SCV  
  46  4:09  SCV  
  48  4:15  SCV  
  48  4:16  Marine  
  43  4:21  SCV  
  41  4:27  SCV  
  39  4:33  SCV  
  39  4:37  Siege Tank  
  41  4:39  SCV  
  41  4:45  SCV  
  43  4:46  Marine  
  43  4:47  Marine  
  43  4:51  SCV  
  42  4:53  Raven  
  42  4:57  SCV  
  45  5:01  Interference Matrix  
  45  5:03  SCV  
  45  5:04  Marine x2  
  48  5:09  SCV  
  49  5:14  Siege Tank  
  49  5:15  SCV  
  53  5:21  SCV  
  53  5:23  Command Center  
  53  5:27  SCV  
  55  5:31  Supply Depot, Raven  
  55  5:34  SCV  
  55  5:35  Marine  
  59  5:36  Marine  
  59  5:39  SCV  
  58  5:46  SCV  
  57  5:51  SCV  
  57  5:53  Marine  
  57  5:54  Marine  
  58  5:57  Starport  
  58  5:58  SCV  
  58  6:00  Siege Tank  
  58  6:02  Supply Depot  
  58  6:03  SCV  
  63  6:07  Refinery  
  63  6:10  SCV  
  64  6:16  SCV  
  64  6:19  Viking x2  
  64  6:22  SCV  
  64  6:23  Refinery  
  64  6:24  Supply Depot, Marine  
  70  6:28  SCV  
  71  6:34  SCV, Siege Tank  
  71  6:39  Orbital Command  
  75  6:40  SCV  
  75  6:42  Supply Depot  
  75  6:44  Viking  
  75  6:46  SCV, Marine  
  80  6:52  SCV, Viking  
  83  6:57  Viking  
  83  6:58  SCV  
  86  7:05  SCV, Marine  
  86  7:07  SCV  
  89  7:08  Siege Tank  
  89  7:11  Supply Depot  
  89  7:12  SCV  
  93  7:16  Viking  
  93  7:17  Orbital Command  
  93  7:21  SCV  
  96  7:23  Marine  
  96  7:24  Supply Depot, SCV  
  96  7:27  Viking  
  96  7:30  Viking  
  96  7:33  Orbital Command, SCV  
  95  7:39  SCV  
  88  7:45  SCV  
  88  7:46  Viking  
  88  7:48  Marine  
  88  7:49  Siege Tank  
  94  7:52  SCV  
  94  7:58  SCV  
  89  8:00  SCV  
  86  8:06  Marine  
  86  8:07  Viking  
  86  8:09  SCV  
  86  8:10  SCV  
  86  8:12  SCV  
  80  8:21  SCV  
  80  8:22  SCV  
Show
View Real Time Build Order
Export as new Build Order

gumiho Terran - Winner!

Build Orders: 1/1/1, Cyclone Opening 

Get SALT Encoding   

  12  0:00  SCV  
  13  0:12  SCV  
  14  0:16  Supply Depot  
  14  0:24  SCV  
  15  0:38  SCV  
  15  0:40  Barracks  
  15  0:42  Refinery  
  16  0:50  SCV  
  16  0:52  Refinery  
  17  1:02  SCV  
  18  1:14  SCV  
  19  1:27  Orbital Command, Reaper  
  20  1:33  Supply Depot  
  20  1:39  Factory  
  20  1:52  SCV  
  21  1:58  Marine  
  22  2:04  SCV  
  23  2:14  Command Center  
  23  2:17  SCV  
  24  2:25  Starport  
  24  2:29  SCV  
  25  2:34  Cyclone  
  27  2:41  SCV  
  27  2:43  Supply Depot  
  28  2:46  Barracks Reactor  
  28  2:53  SCV  
  29  3:01  Medivac  
  29  3:05  SCV  
  32  3:06  Cyclone  
  34  3:17  SCV  
  35  3:23  Marine x2  
  35  3:26  Orbital Command  
  37  3:29  SCV  
  37  3:31  Starport Tech Lab  
  38  3:40  Cyclone  
  38  3:41  SCV, Marine x2  
  42  3:53  Raven, SCV  
  42  3:54  SCV  
  46  3:58  Marine  
  46  3:59  Marine  
  48  4:03  Supply Depot  
  48  4:05  SCV  
  48  4:06  SCV  
  50  4:12  Cyclone  
  47  4:17  Marine  
  47  4:18  Marine  
  42  4:26  SCV x2  
  42  4:28  Raven  
  45  4:35  Marine x2  
  45  4:38  SCV x2  
  49  4:49  Factory Tech Lab  
  49  4:50  SCV x2  
  51  4:53  Marine x2  
  53  5:02  SCV x2  
  53  5:05  Command Center  
  55  5:10  Siege Tank  
  58  5:14  SCV x2  
  58  5:15  Refinery  
  58  5:16  Refinery  
  58  5:17  Supply Depot  
  60  5:26  SCV x2  
  62  5:38  Viking x2  
  66  5:49  SCV x2  
  68  6:01  SCV x2  
  70  6:08  Factory  
  70  6:12  Supply Depot  
  70  6:16  SCV x2, Refinery, Viking x2  
  76  6:18  Orbital Command  
  76  6:20  Siege Tank  
  76  6:21  Refinery  
  79  6:28  SCV x2  
  79  6:29  Starport  
  81  6:39  Supply Depot  
  81  6:40  SCV  
  81  6:41  SCV  
  81  6:45  SCV  
  81  6:46  Viking x2  
  88  6:53  SCV x2  
  90  6:56  Siege Tank  
  90  7:01  Siege Tank  
  96  7:02  SCV  
  96  7:05  SCV  
  96  7:06  Supply Depot  
  61  7:08  Viking  
  98  7:10  SCV  
  101  7:28  SCV x2, Viking x2  
  106  7:38  Viking  
  105  7:46  Supply Depot  
  105  7:47  Supply Depot, SCV x2  
  105  7:48  Supply Depot  
  107  7:53  SCV  
  108  7:58  Viking  
  108  7:59  SCV  
  108  8:00  SCV  
  109  8:07  Viking  
  112  8:22  SCV x3  
  112  8:25  Command Center  
Tags
 
Add a new tag
Caveats
  • Supply blocks, unpowered buildings, or Contaminate may cause inaccurate times.
  • Supply counts are checked every 10 seconds.